 Dungeon Crawl Stone Soup version 0.25.1-2-g60ff931df9 (webtiles) character file.

Game seed: 2905942851480846200

735 DCLuky the Chopper (level 7, -11/93 HPs)
             Began as a Minotaur Berserker on Oct 26, 2020.
             Was a Priest of Trog.
             Mangled by Prince Ribbit (14 damage)
             ... on level 5 of the Dungeon.
             The game lasted 00:32:11 (5454 turns).

DCLuky the Chopper (Minotaur Berserker)             Turns: 5454, Time: 00:32:11

Health: -11/93     AC:  8    Str: 24    XL:     7   Next: 45%
Magic:  6/6        EV: 12    Int:  4    God:    Trog [***...]
Gold:   366        SH:  0    Dex:  9    Spells: 6/6 levels left

rFire    . . .     SeeInvis .   y - +0 war axe
rCold    . . .     Gourm    .   (no shield)
rNeg     . . .     Faith    .   u - +0 scale mail
rPois    .         Spirit   .   (helmet restricted)
rElec    .         Reflect  .   (no cloak)
rCorr    .         Harm     .   (no gloves)
MR       .....                  x - +0 pair of boots
Stlth    ..........             (no amulet)
HPRegen  0.25/turn              (no ring)
MPRegen  0.10/turn              (no ring)

@: berserking, very quick
A: retaliatory headbutt, horns 2
a: Berserk, Trog's Hand, Renounce Religion


You were on level 5 of the Dungeon.
You worshipped Trog.
Trog was most pleased with you.
You were hungry.

You visited 1 branch of the dungeon, and saw 5 of its levels.

You collected 366 gold pieces.

Inventory:

Hand Weapons
 p - a +0 hand axe
 y - a +0 war axe (weapon)
Missiles
 g - 212 stones (quivered)
 q - 3 silver boomerangs
Armour
 u - a +0 scale mail (worn)
 x - a +0 pair of boots (worn)
Jewellery
 v - an uncursed amulet of the acrobat {unknown}
 z - an uncursed ring of protection from magic {unknown}
 F - an uncursed ring of fire {unknown}
Wands
 A - a wand of flame (23)
 G - a wand of clouds (4)
Scrolls
 b - 2 scrolls of immolation {unknown}
 c - a scroll of teleportation {unknown}
 h - a scroll of enchant weapon {unknown}
 k - 3 scrolls of identify {unknown}
 l - a scroll of enchant armour {unknown}
 m - a scroll of noise {unknown}
 o - a scroll of amnesia {unknown}
 s - 2 scrolls of remove curse {unknown}
 w - a scroll of blinking {unknown}
 E - a scroll of random uselessness {unknown}
Potions
 a - a potion of cancellation {unknown}
 d - 2 potions of stabbing {unknown}
 e - a potion of curing {unknown}
 f - a potion of invisibility {unknown}
 i - a potion of resistance {unknown}
 j - a potion of degeneration {unknown}
 r - a potion of lignification {unknown}
 t - a potion of haste {unknown}
 C - a potion of ambrosia {unknown}
 D - a potion of flight {unknown}
Comestibles
 n - 3 rations


   Skills:
 + Level 5.7 Fighting
 * Level 7.2 Axes
 + Level 5.0 Armour
 + Level 4.5 Dodging


You had 6 spell levels left.
You didn't know any spells.
Your spell library was empty.

Dungeon Overview and Level Annotations

Branches:
Dungeon (5/15)
 Temple: D:4-7

Altars:
Nemelex Xobeh
Xom
Beogh

Shops:
D:4 }

Annotations:
D:5 Eustachio, Prince Ribbit


Innate Abilities, Weirdness & Mutations

You reflexively headbutt those who attack you in melee.
You have a pair of horns on your head.


Message History

You closely miss the phantom. Prince Ribbit hits you!
* * * LOW HITPOINT WARNING * * *
The phantom hits you but does no damage.
You barely miss Prince Ribbit.
Prince Ribbit is heavily wounded.
You barely miss the phantom. Prince Ribbit misses you. The phantom hits you.
* * * LOW HITPOINT WARNING * * *
Prince Ribbit misses you.
A red film seems to cover your vision as you go berserk!
You feel yourself moving faster!
You feel mighty!
You are feeling hungry.
Prince Ribbit closely misses you. The phantom closely misses you.
You closely miss the phantom. You closely miss Prince Ribbit.
Prince Ribbit blinks!
The phantom hits you.
* * * LOW HITPOINT WARNING * * *
The phantom blinks!
You slash Prince Ribbit!
Prince Ribbit is severely wounded.
Prince Ribbit hits you!
You die...

### ..# #.# #.#
######.#############
#...........ยง@F....#
#.....##W###########.#
#..... #.# #.# .......
#.# #.# !#..... #.#
#.# #..... #.# #.#
###.#F #.# #.# ##.@.
#.# #.# ..< ..# #.#


You could see Prince Ribbit and a phantom.

Vanquished Creatures
  Menkaure (D:5)
  A phantom (D:4)
  An orc priest (D:3)
  2 hounds (D:4)
  6 orc wizards
  Ijyb (D:5)
  An iguana (D:5)
  2 worker ants (D:4)
  7 adders
  An ooze (D:3)
  An adder zombie (D:5)
  2 adder skeletons (D:4)
  A worm (D:2)
  3 leopard geckos
  14 orcs
  3 giant cockroaches
  3 goblins (D:1)
  7 hobgoblins
  A quokka (D:3)
  2 ball pythons
  10 bats
  6 frilled lizards
  2 kobolds
  A leopard gecko skeleton (D:4)
  4 rats
83 creatures vanquished.

Vanquished Creatures (others)
  12 toadstools (D:5)
12 creatures vanquished.

Grand Total: 95 creatures vanquished

Notes
Turn   | Place    | Note
-------+----------+-------------------------------------------
     0 | D:1      | DCLuky the Minotaur Berserker began the quest for the Orb.
     0 | D:1      | Reached XP level 1. HP: 19/19 MP: 0/0
   286 | D:1      | Reached XP level 2. HP: 27/27 MP: 1/1
   323 | D:1      | Reached skill level 4 in Axes
   346 | D:1      | Found a sparkling altar of Nemelex Xobeh.
   936 | D:2      | Reached XP level 3. HP: 22/33 MP: 2/2
  1673 | D:2      | Found a shimmering altar of Xom.
  1864 | D:2      | Reached ** piety under Trog
  2345 | D:3      | Reached XP level 4. HP: 26/40 MP: 3/3
  2492 | D:3      | Reached skill level 5 in Axes
  2859 | D:3      | Found a roughly hewn altar of Beogh.
  2871 | D:3      | Reached XP level 5. HP: 37/47 MP: 4/4
  3595 | D:4      | Reached XP level 6. HP: 43/55 MP: 5/5
  3597 | D:4      | Reached skill level 6 in Axes
  3730 | D:4      | Reached skill level 5 in Fighting
  4029 | D:4      | Reached *** piety under Trog
  4110 | D:4      | Reached XP level 7. HP: 47/61 MP: 6/6
  4381 | D:4      | Found Idojail's Gadget Emporium.
  4924 | D:5      | Entered Level 5 of the Dungeon
  4926 | D:5      | Noticed Menkaure
  4933 | D:5      | Killed Menkaure
  4933 | D:5      | Reached skill level 7 in Axes
  5169 | D:5      | Reached skill level 5 in Armour
  5352 | D:5      | Noticed Ijyb
  5357 | D:5      | Killed Ijyb
  5431 | D:5      | Noticed Prince Ribbit
  5431 | D:5      | Noticed Eustachio
  5451 | D:5      | HP: 3/62 [phantom (5)]
  5454 | D:5      | Mangled by Prince Ribbit

Illustrated notes

Levels and vault maps discovered:
D:1:      evilmike_arrival_rings, layout_basic,
          nemelex_xobeh_ov_fountains_minmay
D:2:      layout_basic, nicolae_overflow_crystal_walls
D:3:      layout_rooms, kennysheep_orc_chapel
D:4:      layout_layer_cave, serial_shops, nicolae_shop_stone
D:5:      cheibrodos_fertilizer, layout_loops_ring, first_ration,
          uniq_eustachio, uniq_menkaure, uniq_ijyb, uniq_prince_ribbit1

Skill      XL: |  1  2  3  4  5  6  7 |
---------------+----------------------+-----
Axes           | 4 5 6 7 |  7.2
Fighting       | 4 5 |  5.7
Armour         | 3 4 5 |  5.0
Dodging        | 3 4 |  4.5

Action                   |  1- 3 |  4- 6 |  7- 9 || total
-------------------------+-------+-------+-------++-------
Melee: Hand axe          |    80 |    98 |       ||   178
       Headbutt          |     9 |    17 |     8 ||    34
       War axe           |       |     5 |    23 ||    28
Throw: Stone             |    21 |    20 |    16 ||    57
Invok: Berserk           |       |       |     1 ||     1
  Eat: Chunk             |     1 |     6 |     1 ||     8
       Ration            |     1 |       |     1 ||     2
Armor: Animal skin       |     2 |       |       ||     2
       Ring mail         |    11 |       |       ||    11
       Scale mail        |     5 |    53 |     4 ||    62
Dodge: Dodged            |    51 |    58 |    11 ||   120
